 Dungeon Sprint DCSS version 0.26-a0-665-gefeb406119 (webtiles) character file.

Game seed: 3169540629344813122

183 sahdkjhfkaj the Geomancer (level 5, -9/28 HPs)
             Began as a Gargoyle Earth Elementalist on Oct 13, 2020.
             Was an Initiate of Vehumet.
             Mangled by a fire elemental (10 damage)
             ... summoned by a deep elf mage
             ... in the Dungeon (Sprint III: "The Ten Rune Challenge").
             The game lasted 00:01:39 (813 turns).

sahdkjhfkaj the Geomancer (GrEE)                     Turns: 813, Time: 00:01:39

Health: -9/28      AC:  6    Str: 12    XL:     5   Next: 62%
Magic:  1/13       EV: 12    Int: 16    God:    Vehumet [......]
Gold:   30         SH:  0    Dex: 10    Spells: 7/16 levels left

rFire    . . .     SeeInvis .   a - +2 dagger (drain)
rCold    . . .     Faith    .   (no shield)
rNeg     + . .     Spirit   .   c - +0 robe
rPois    ∞         Reflect  .   (no helmet)
rElec    +         Harm     .   (no cloak)
rCorr    .         Rampage  .   (no gloves)
MR       .....     NoTele   +   (no boots)
Stlth    +.........             (no amulet)
HPRegen  0.09/turn              (no ring)
MPRegen  0.13/turn              (no ring)

@: liquid flames, glowing
A: negative energy resistance 1, electricity resistance, unbreathing,
petrification resistance, rot immunity, AC +4
a: Renounce Religion


You were in the Dungeon.
You worshipped Vehumet.
Vehumet was noncommittal.
You visited 1 branch You collected 30 gold pieces.

Inventory:

Hand Weapons
 a - a +2 dagger of draining (weapon)
Missiles
 b - 13 stones (quivered)
Armour
 c - a +0 robe (worn)
Scrolls
 i - a scroll of blinking
 k - a scroll of torment {unknown}
 l - 3 scrolls of identify
 m - 2 scrolls of remove curse {unknown}
 o - a scroll of immolation {unknown}
Potions
 d - 2 potions of curing
 f - a potion of haste
 g - 2 potions of magic
 h - a potion of berserk rage
 j - 4 potions of mutation {unknown}
 n - 2 potions of flight {unknown}


   Skills:
 - Level 1.5 Dodging
 - Level 2.1 Stealth
 + Level 6.1 Spellcasting
   Level 0.7 Transmutations
 * Level 11.2 Earth Magic


You had 7 spell levels left.
You knew the following spells:

 Your Spells              Type           Power        Failure   Level
a - Sandblast             Erth           #####.       1%          1
b - Stone Arrow           Conj/Erth      ###...       4%          3
e - Lee's Rapid Deconstr  Erth           #####.....   3%          5

Your spell library contained the following spells:

 Spells                   Type           Power        Failure   Level
 Passwall                 Tmut/Erth      ###.....     1%          2
 Petrify                  Tmut/Erth      ###.....     12%         4
 Animate Skeleton         Necr           #.....       14%         1
 Apportation              Tloc           #.....       14%         1
 Corona                   Hex            #......      14%         1
 Summon Small Mammal      Summ           #...         14%         1
 Confusing Touch          Hex            #.......     38%         3
 Gell's Gravitas          Tloc           #.........   38%         3
 Yara's Violent Unravell  Hex/Tmut       #.........   97%         5
 Metabolic Englaciation   Hex/Ice        #.........   98%         5


Dungeon Overview and Level Annotations

Branches:
Dungeon (1/1)

Altars:
Elyvilon
Kikubaaqudgha
Sif Muna
Vehumet
Zin
The Shining One


Innate Abilities, Weirdness & Mutations

You are resistant to torment.
Your stone body is resilient. (AC +4)
You are immune to poison.
You resist negative energy. (rN+)
You are resistant to electric shocks. (rElec)
You can survive without breathing.
You are immune to petrification.
You are immune to rotting.


Message History

You are covered in liquid flames!
* * * LOW HITPOINT WARNING * * *
The fire elemental hits you.
* * * LOW HITPOINT WARNING * * *
The fire elemental burns you!
* * * LOW HITPOINT WARNING * * *
The deep elf mage drinks a potion.
The deep elf mage is healed!
Unknown command.
Unknown command.
Unknown command.
Unknown command.
Unknown command.
Unknown command.
Unknown command.
Unknown command.
Unknown command.
You are covered in liquid flames!
* * * LOW HITPOINT WARNING * * *
The fire elemental hits you. The fire elemental burns you!
You die...

▓▓▓▓ ▓▓▓ ...#### ##.#####
......#####..#___#
.......#..#..#...#
#.##...#..#..###'#+###+##
#.###).##'#..#..@.e.....#
##.##..###...'.⌠.E......#
..##..####...#...######+#
..##[.###....#.⌠.#
.##...##.....#...#
##....#......#)###
##..##.#.....#..)#
#..#####....#___# ▓▓▓▓
▓▓▓▓▓▓▓▓▓▓


You could see a deep elf mage (drained) and a fire elemental (summoned).

Vanquished Creatures
  A water elemental (D)
  Crazy Yiuf (D)
  Jessica (D)
  A wizard (D)
  A human (D)
  A kobold demonologist (D)
  2 oozes (D)
  A rat (D)
9 creatures vanquished.

Vanquished Creatures (others)
  A plant (D)
1 creature vanquished.

Grand Total: 10 creatures vanquished

Notes
Turn   | Place    | Note
-------+----------+-------------------------------------------
     0 | D        | sahdkjhfkaj the Gargoyle Earth Elementalist began the quest
                  | for the Orb.
     0 | D        | Reached XP level 1. HP: 10/10 MP: 3/3
     8 | D        | Reached skill level 4 in Earth Magic
    46 | D        | Reached skill level 5 in Earth Magic
    46 | D        | Reached XP level 2. HP: 15/15 MP: 0/5
   134 | D        | Noticed Jessica
   137 | D        | Killed Jessica
   137 | D        | Reached skill level 7 in Earth Magic
   137 | D        | Reached XP level 3. HP: 19/19 MP: 4/8
   176 | D        | Learned a level 3 spell: Stone Arrow
   197 | D        | Reached skill level 8 in Earth Magic
   288 | D        | Noticed Crazy Yiuf
   301 | D        | Killed Crazy Yiuf
   301 | D        | Reached skill level 9 in Earth Magic
   301 | D        | Reached XP level 4. HP: 13/24 MP: 0/10
   448 | D        | Noticed a water elemental
   475 | D        | Killed a water elemental
   475 | D        | Reached skill level 5 in Spellcasting
   475 | D        | Reached skill level 10 in Earth Magic
   475 | D        | Reached XP level 5. HP: 10/28 MP: 0/13
   679 | D        | Learned a level 5 spell: Lee's Rapid Deconstruction
   704 | D        | Found a radiant altar of Vehumet.
   704 | D        | Found a shimmering blue altar of Sif Muna.
   704 | D        | Found an ancient bone altar of Kikubaaqudgha.
   707 | D        | Reached skill level 11 in Earth Magic
   796 | D        | Became a worshipper of Vehumet
   805 | D        | Found a glowing silver altar of Zin.
   805 | D        | Found a glowing golden altar of the Shining One.
   805 | D        | Found a white marble altar of Elyvilon.
   805 | D        | Noticed a deep elf mage
   810 | D        | Noticed a fire elemental
   813 | D        | HP: 1/28 [burnt (6)]
   813 | D        | Mangled by a fire elemental

Illustrated notes

Levels and vault maps discovered:
D:        dungeon_sprint_mu [sprint_mu_entry_cave, sprint_mu_temple_rooms,
          sprint_mu_d1_spiders, sprint_mu_d2_genie, sprint_mu_d3_branching,
          sprint_mu_orc_legion, sprint_mu_elf_gauntlet, sprint_mu_hive_nellie,
          sprint_mu_lair_fedhas, sprint_mu_vaults_butterflies,
          sprint_mu_slime_circle, sprint_mu_swamp_cave, sprint_mu_shoals_archi,
          sprint_mu_blade_basic, sprint_mu_crypt_fortress,
          sprint_mu_tomb_spiral, sprint_mu_vestibule_basic,
          sprint_mu_gehenna_hellfire, sprint_mu_dis_giant,
          sprint_mu_tartarus_statrot, sprint_mu_cocytus_islands, sprint_mu_zot1]

Skill      XL: |  1  2  3  4  5 |
---------------+----------------+-----
Earth Magic    | 5 7 9 10 11 | 11.2
Spellcasting   | 3 4 5 6 |  6.1
Dodging        | |  1.5
Stealth        | |  2.1
Transmutations | |  0.7

Action                   |  1- 3 |  4- 6 || total
-------------------------+-------+-------++-------
Melee: Dagger            |       |     3 ||     3
 Cast: Sandblast         |    12 |     5 ||    17
       Stone Arrow       |     4 |     6 ||    10
       Lee's Rapid Decon |       |     3 ||     3
  Use: Potion            |       |     1 ||     1
Armor: Robe              |     1 |     3 ||     4
Dodge: Dodged            |     5 |     5 ||    10

Table legend: (Time is in decaauts)
 A = Elapsed time spent in this place.
 B = Non-inter-level travel time spent in this place.
 C = Inter-level travel time spent in this place.
 D = Time resting spent in this place.
 E = Time spent auto-exploring this place.
 F = Levels seen in this place.
 G = Mean time per level.
                   A        B        C        D        E       F      G
               +--------+--------+--------+--------+--------+-----+--------+
         Total |    812 |    789 |     23 |    571 |     65 |   1 |  812.0 |
       Dungeon |    812 |    789 |     23 |    571 |     65 |   1 |  812.0 |
               +--------+--------+--------+--------+--------+-----+--------+

Top non-repeatable levels by time:
       D: 812 daAuts
